 Dungeon Crawl Stone Soup version 0.20-a0-1034-gb277f92 (webtiles) character file.

21 HankScorpio the Cudgeler (level 2, -1/25 HPs)
             Began as a Gargoyle Gladiator on Apr 21, 2017.
             Slain by a worm (5 damage)
             ... on level 1 of the Dungeon.
             The game lasted 00:01:32 (1013 turns).

HankScorpio the Cudgeler (Gargoyle Gladiator)       Turns: 1013, Time: 00:01:33

Health: -1/25      AC: 21    Str: 22    XL:     2   Next: 83%
Magic:  2/2        EV:  2    Int:  8    God:
Gold:   25         SH:  0    Dex: 11    Spells: 1/1 levels left

rFire    . . .     SeeInvis .   a - +0 flail
rCold    . . .     Gourm    .   (no shield)
rNeg     + + +     Faith    .   (armour currently unavailable)
rPois    ∞         Spirit   .   (helmet currently unavailable)
rElec    .         Reflect  .   (cloak currently unavailable)
rCorr    .         Harm     .   (gloves currently unavailable)
MR       .....     NoTele   +   (boots currently unavailable)
Stlth    +.........             (no amulet)
Regen    0.1/turn               (no ring)
MPRegen  0.1/turn               (no ring)

@: mighty, tree-form
A: negative energy resistance 1, petrification resistance, rot immunity, AC +2
a: no special abilities


You were on level 1 of the Dungeon.
You were not hungry.
You were a tree.
You visited 1 branch of the dungeon, and saw 2 of its levels.

You collected 25 gold pieces.

Inventory:

Hand Weapons
 a - a +0 flail (weapon)
Missiles
 d - 3 throwing nets (quivered)
 i - 5 javelins
Armour
 b - a +0 leather armour
 c - a +0 helmet (melded)
 j - a +0 ring mail
 m - a +0 leather armour of fire resistance (melded)
Scrolls
 e - 2 scrolls of identify {unknown}
 g - 2 scrolls of magic mapping {unknown}
Potions
 l - a potion of curing {unknown}
Comestibles
 f - a bread ration


   Skills:
 + Level 2.1 Fighting
 + Level 3.3 Maces & Flails
 + Level 2.0 Throwing
 + Level 0.7 Armour
 + Level 2.7 Dodging


You had one spell level left.
You didn't know any spells.

Dungeon Overview and Level Annotations

Branches:
Dungeon (2/15)

Altars:


Innate Abilities, Weirdness & Mutations

You are resistant to torment.
((Your stone body is resilient. (AC +2)))
You are immune to poison.
You resist negative energy. (rN+)
((You are resistant to electric shocks. (rElec)))
((You can survive without breathing.))
You are immune to petrification.
You are immune to rotting.


Message History

There is a stone staircase leading down here.
You closely miss the kobold. The kobold closely misses you. The worm bites you.
You closely miss the kobold. The kobold barely misses you. The worm bites you.
The kobold closely misses you.
You hit the kobold.
You kill the kobold!
The worm bites you.
* * * LOW HITPOINT WARNING * * *
You see here a kobold corpse.
It was a potion of might.
You feel very mighty all of a sudden.
It was a potion of lignification.
You turn into a tree.
Your +0 helmet melds into your body.
Your +0 leather armour of fire resistance melds into your body.
You feel less resistant to fire.
Your roots penetrate the ground.
The worm bites you but does no damage.
You thump the worm!
The worm is almost dead.
The worm bites you.
You die...

# #......### #.# #.# #
#......# #.# #.# ##
#......# #.# #.# .#
#......# #.# #.#
.#########......# #.# #.#
.#......##....### #.# #.#
.#......###.#..# ###.###.#
........#...##.###
#....##.#
##......#.#.##>w♣#
#....##.#
#######..#.####.###.†..##.#
#####....##.# #........##.#
......#####.# #####....##.#
#.(.....###.# #....##.#
(.#####.....# #....##.# ###
####### #....##.# #....##.#
#....##.#


You could see a worm.

Vanquished Creatures
  A dart slug (D:1)
  A leopard gecko (D:1)
  3 goblins (D:1)
  2 hobgoblins (D:1)
  3 kobolds (D:1)
  2 bats (D:1)
  A frilled lizard (D:1)
  5 rats (D:1)
18 creatures vanquished.

Notes
Turn   | Place    | Note
-------+----------+-------------------------------------------
     0 | D:1      | HankScorpio the Gargoyle Gladiator began the quest for the Orb.
     0 | D:1      | Reached XP level 1. HP: 12/12 MP: 1/1
   384 | D:1      | Reached XP level 2. HP: 6/17 MP: 2/2
  1013 | D:1      | Slain by a worm

Vault maps used:
D:1:      ncdulo_smallfort, kennysheep_boxes
D:2:      first_bread

Skill      XL: |  1 |
---------------+----+-----
Throwing       | 2 |  2.0
Fighting       | |  2.1
Maces & Flails | |  3.3
Armour         | |  0.7
Dodging        | |  2.7

Action                   || total
-------------------------++-------
Melee: Flail             ||    69
  Use: Potion            ||     2
Armor: Leather armour    ||    17
       Ring mail         ||    10
       Skin              ||     1
Dodge: Dodged            ||    46
